 Dungeon Crawl Stone Soup version 0.17-a0-1685-g57e755e (webtiles) character file.

1694 kobby the Covert (level 8, -3/61 HPs)
             Began as a Vampire Assassin on Aug 19, 2015.
             Was a Priest of Makhleb.
             Slain by a killer bee (10 damage)
             ... on level 7 of the Dungeon.
             The game lasted 00:18:15 (4386 turns).

kobby the Covert (Vampire Assassin)                 Turns: 4386, Time: 00:18:16

Health: -3/61      AC:  3    Str: 10    XL:     8   Next: 72%
Magic:  8/8        EV: 16    Int: 13    God:    Makhleb [***...]
Gold:   197        SH:  0    Dex: 18    Spells: 0 memorised, 7 levels left

rFire  . . .     SeeInvis +     j - +2 short sword (speed)
rCold  . . .     Clarity  .     c - +0 robe
rNeg   . . .     SustAt   .     (no shield)
rPois  .         Gourm    .     (no helmet)
rElec  .         Spirit   .     x - +0 cloak
rCorr  .         Warding  .     (no gloves)
rMut   .         Stasis   .     (no boots)
MR     .....                    (no amulet)
Stlth  ++++++....               (no ring)
                                (no ring)

@: lethally poisoned (-3 -> -7), regenerating quickly, not resistant to hostile
enchantments, very stealthy
A: fangs 3, see invisible, unbreathing
a: Minor Destruction, Lesser Servant of Makhleb, Renounce Religion


You were on level 7 of the Dungeon.
You worshipped Makhleb.
Makhleb was most pleased with you.
You were very full.

You visited 1 branch of the dungeon, and saw 7 of its levels.

You collected 197 gold pieces.

Inventory:

Hand weapons
 a - a +2 dagger
 b - a +0 blowgun
 j - a +2 short sword of speed (weapon)
 D - a +0 dagger of freezing
Missiles
 e - 36 poisoned needles
 f - 2 curare-tipped needles
Armour
 c - a +0 robe (worn)
 d - a +0 cloak
 x - a +0 cloak (worn)
Magical devices
 s - a wand of digging (17)
 u - a wand of magic darts (20)
Scrolls
 g - a scroll of enchant weapon {unknown}
 i - a scroll of fear {unknown}
 k - 9 scrolls of teleportation {unknown}
 l - 3 scrolls of identify {unknown}
 p - a scroll of blinking {unknown}
 q - 4 scrolls of remove curse {unknown}
 r - a scroll of recharging {unknown}
 y - a scroll of magic mapping {unknown}
 A - a scroll of immolation {unknown}
 B - a scroll of noise {unknown}
Potions
 h - 3 potions of heal wounds
 m - a potion of haste {unknown}
 n - 7 potions of curing {unknown}
 o - a potion of magic {unknown}
 t - a potion of mutation {unknown}
 v - 2 potions of lignification {unknown}
 w - a potion of poison {unknown}
 z - a potion of agility {unknown}
 C - a potion of flight {unknown}


   Skills:
 + Level 4.3 Fighting
 + Level 6.1 Short Blades
 + Level 1.7 Throwing
 + Level 5.9 Dodging
 + Level 11.7 Stealth
 + Level 0.1 Invocations
 + Level 0.1 Evocations


You had 7 spell levels left.
You didn't know any spells.

Dungeon Overview and Level Annotations

Branches:
Dungeon (7/15)             Temple (0/1) D:6

Altars:
Makhleb
Ru

Shops:
D:4 [


Innate Abilities, Weirdness & Mutations

Your natural rate of healing is unusually fast.
You have razor-sharp teeth.
You have supernaturally acute eyesight.
You can survive without breathing.


Message History

The killer bee stings you.
The orc wizard gestures wildly while chanting.
The orc wizard flickers and vanishes for a moment.
The killer bee barely misses you. The killer bee completely misses you.
You feel sick. The killer bee misses you. The killer bee misses you.
The killer bee barely misses you. The killer bee stings you.
The killer bee closely misses you. The killer bee closely misses you.
You feel sick. The killer bee stings you.
* * * LOW HITPOINT WARNING * * *
You are more poisoned.
The killer bee poisons you! The killer bee barely misses you.
You feel sick. The killer bee stings you.
* * * LOW HITPOINT WARNING * * *
The killer bee closely misses you. The killer bee stings you!
* * * LOW HITPOINT WARNING * * *
You feel sick. The killer bee closely misses you.
The killer bee barely misses you. The killer bee closely misses you.
The killer bee stings you!
You die...

#...## #....##...## ....#
##........))## #...#
#..........#<#### ###...#
##.......####.))# .o....#
##...##### ##<## ..##..#
#.......###)## ####o##
##..........## #..##
##y.........## ##...##
##.y@<..#....## #.....##
##.yy....###...#
#..###y.###..yy.....###..#
#.#####.....###..#..###..##
............##
##.##..##...##
......(....## #.###..#....#
...######...# #.###.....###
##...## #...##...##
##.....####.......##


You could see 6 killer bees.

Vanquished Creatures
  Eustachio (D:4)
  Menkaure (D:5)
  2 orc warriors (D:7)
  An ice beast (D:5)
  A black bear (D:6)
  3 ogres
  A sky beast (D:6)
  Blork the orc (D:6)
  An orc priest (D:6)
  2 giant frog zombies
  3 hounds
  6 orc wizards
  A worker ant (D:4)
  An iguana (D:7)
  2 killer bee zombies
  2 hound skeletons
  A worker ant zombie (D:6)
  3 adders
  A shadow imp (D:6)
  An ooze (D:5)
  2 adder skeletons (D:4)
  4 giant geckos
  32 orcs
  2 ball pythons
  3 bats
  8 goblins
  8 hobgoblins
  3 jackals (D:3)
  2 quokkas
  2 giant newts
  7 kobolds
  5 rats
113 creatures vanquished.

Vanquished Creatures (collateral kills)
  An orc (D:6)
1 creature vanquished.

Grand Total: 114 creatures vanquished

Notes
Turn   | Place    | Note
--------------------------------------------------------------
     0 | D:1      | kobby the Vampire Assassin began the quest for the Orb.
     0 | D:1      | Reached XP level 1. HP: 16/16 MP: 1/1
    38 | D:1      | Reached skill level 6 in Stealth
   161 | D:1      | Reached XP level 2. HP: 22/22 MP: 2/2
  1057 | D:2      | Found a burning altar of Makhleb.
  1061 | D:2      | Reached skill level 7 in Stealth
  1061 | D:2      | Reached XP level 3. HP: 27/27 MP: 3/3
  1063 | D:2      | Became a worshipper of Makhleb the Destroyer
  1146 | D:3      | Reached XP level 4. HP: 33/33 MP: 4/4
  1350 | D:3      | Acquired Makhleb's first power
  1652 | D:3      | Reached skill level 8 in Stealth
  1652 | D:3      | Reached XP level 5. HP: 37/39 MP: 5/5
  1668 | D:4      | Found Ylagasu's Armour Shop.
  1767 | D:4      | Noticed Eustachio
  1775 | D:4      | Killed Eustachio
  1775 | D:4      | Reached XP level 6. HP: 46/46 MP: 6/6
  1804 | D:4      | Noticed an ice beast
  2236 | D:4      | Reached skill level 9 in Stealth
  2261 | D:4      | Found a sacrificial altar of Ru.
  2261 | D:4      | Found a burning altar of Makhleb.
  2326 | D:4      | Noticed an ogre
  2425 | D:4      | Acquired Makhleb's second power
  2547 | D:4      | Killed an ogre
  2547 | D:4      | Reached XP level 7. HP: 23/51 MP: 7/7
  2768 | D:5      | Entered Level 5 of the Dungeon
  2780 | D:5      | Noticed Menkaure
  2793 | D:5      | Killed Menkaure
  3109 | D:5      | Reached skill level 5 in Short Blades
  3113 | D:5      | Reached skill level 10 in Stealth
  3493 | D:6      | Reached XP level 8. HP: 35/59 MP: 8/8
  3518 | D:6      | Reached skill level 5 in Dodging
  3654 | D:6      | Noticed Blork the orc
  3658 | D:6      | Killed Blork the orc
  3755 | D:6      | Acquired Makhleb's third power
  3755 | D:6      | Reached skill level 11 in Stealth
  3789 | D:6      | Found a staircase to the Ecumenical Temple.
  4386 | D:7      | Slain by a killer bee

Vault maps used:
D:1:      onia_arrival_pentagram, serial_corexii_hall, corexii_hall_statues_i,
          corexii_hall_statues_i, minivault_11
D:2:      first_bread, makhleb_heckhound_becter
D:4:      amethyst_overflow_temple_binary, serial_shops, shop, minivault_14,
          kennysheep_doodads, hex_intersection, kennysheep_minor_cross,
          uniq_eustachio
D:5:      uniq_menkaure
D:6:      temple_statues, gup_ossuary_entry_pyramid, uniq_blork_the_orc,
          uniq_pikel, uniq_crazy_yiuf_cottage

Action                   |  1- 3 |  4- 6 |  7- 9 || total
-------------------------+-------+-------+-------++-------
Melee: Dagger            |     8 |       |       ||     8
       Short sword       |    44 |   154 |   188 ||   386
Invok: Lesser Servant of |       |       |     1 ||     1
Evoke: Wand              |       |     1 |       ||     1
  Use: Potion            |       |     1 |       ||     1
 Stab: Sleeping          |    13 |     9 |    21 ||    43
  Eat: Corpse            |     1 |    15 |     9 ||    25
